 Dungeon Crawl Stone Soup version 0.28.0-45-g0d030f2227 (webtiles) character file.

Game seed: 15894433889578012962

4006 KittyFluff the Basher (level 10, -1/76 HPs)
             Began as a Gargoyle Berserker on Apr 6, 2022.
             Was a Believer of Trog.
             Slain by GilGalad's ghost (16 damage)
             ... on level 7 of the Dungeon.
             The game lasted 00:38:00 (8958 turns).

KittyFluff the Basher (Gargoyle Berserker)          Turns: 8958, Time: 00:38:02

Health: -1/76      AC: 15    Str: 22    XL:     10   Next: 23%
Magic:  10/10      EV: 14    Int:  9    God:    Trog [**....]
Gold:   159        SH:  7    Dex: 21    Spells: 9/9 levels left

rFire   . . .      SeeInvis .   a - +0 mace
rCold   . . .      Faith    .   d - +0 buckler
rNeg    + . .      Spirit   .   M - +2 ring mail of Melancholy {*Corrode rPois Will+ Dex+8}
rPois   ∞          Reflect  .   (no helmet)
rElec   +          Harm     .   (no cloak)
rCorr   .          Rampage  .   (no gloves)
Will    ++...                   (no boots)
Stlth   ++........              n - amulet of Vitality {Regen+ HP+15}
HPRegen 1.02/turn               (no ring)
MPRegen 0.12/turn               (no ring)

@: on berserk cooldown, slowed, very slow
A: sickness immunity, AC +7, negative energy resistance 1, electricity
resistance, torment resistance 1, petrification resistance, strong-willed 1,
passive freeze, strong 1, wild magic 1
a: Renounce Religion, Berserk, Trog's Hand


You were on level 7 of the Dungeon.
You worshipped Trog.
Trog was pleased with you.
You visited 1 branch of the dungeon, and saw 8 of its levels.
You also visited: Sewer.

You collected 366 gold pieces.
You spent 207 gold pieces at shops.

Inventory:

Hand Weapons
 a - a +0 mace (weapon)
 c - a +0 hunting sling
 f - a +0 dagger of freezing
 x - a +0 quarterstaff
 y - a +0 shortbow
 B - a +3 vampiric dagger
Missiles
 l - 145 stones
 m - 3 boomerangs (quivered)
 o - 13 poisoned darts
 v - 2 silver boomerangs
 z - 118 arrows
 G - a throwing net
 L - 17 sling bullets
Armour
 d - a +0 buckler (worn)
 C - a +0 ring mail of poison resistance
 M - the +2 ring mail of Melancholy (worn) {*Corrode rPois Will+ Dex+8}
   (You bought it in a shop on level 6 of the Dungeon)

   Dex:       It affects your dexterity (+8).
   rPois:     It protects you from poison.
   *Corrode:  It may corrode you when you take damage.
   Will:      It increases your willpower.
 O - a +2 leather armour of fire resistance
 P - +0 acid dragon scales
Jewellery
 n - the amulet of Vitality (around neck) {Regen+ HP+15}
   (You found it on level 2 of the Dungeon)

   [amulet of regeneration]

   HP:        It affects your health (+15).
   Regen:     It increases your rate of health regeneration.
Wands
 A - a wand of iceblast (10)
 D - a wand of charming (8)
Scrolls
 b - 7 scrolls of teleportation
 g - a scroll of brand weapon {unknown}
 i - 2 scrolls of vulnerability {unknown}
 j - a scroll of magic mapping {unknown}
 p - a scroll of fear
 t - a scroll of blinking {unknown}
 w - 2 scrolls of acquirement {unknown}
 I - 2 scrolls of enchant armour {unknown}
Potions
 q - 4 potions of haste
 r - a potion of magic {unknown}
 s - a potion of ambrosia {unknown}
 u - a potion of might {unknown}
 E - a potion of cancellation {unknown}
 F - a potion of brilliance {unknown}
 H - a potion of resistance
 J - 3 potions of curing


   Skills:
 + Level 6.8 Fighting
 + Level 8.6 Maces & Flails
 + Level 1.5 Throwing
 * Level 5.7 Armour
 + Level 5.2 Dodging
 + Level 2.2 Stealth
 * Level 7.4 Shields


You had 9 spell levels left.
You didn't know any spells.
Your spell library was empty.

Dungeon Overview and Level Annotations

Branches:
Dungeon (8/15)             Temple (0/1) D:5           Sewer (visited)
   Lair: D:8-11

Altars:
Trog

Shops:
D:6 [*

Annotations:
D:7 GilGalad's ghost, novice DrBe; tygarin's ghost, novice DjTm


Innate Abilities, Weirdness & Mutations

You are immune to sickness and miasma.
Your stone body is resilient. (AC +7)
You are immune to poison.
You resist negative energy. (rN+)
You are resistant to electric shocks. (rElec)
You are resistant to unholy torment.
You are immune to petrification.
You are strong-willed. (Will+)
A frigid envelope surrounds you and freezes all who hurt you.
Your muscles are strong. (Str +2)
Your spells are a little harder to cast, but a little more powerful.


Message History

It was a potion of mutation.
You feel extremely strange.
You feel stronger.
You feel strong-willed.
Your skin feels very cold.
You feel less in control of your magic.
The crimson imp disappears in a puff of smoke!
GilGalad's ghost barely misses you.
You hit GilGalad's ghost but do no damage.
GilGalad's ghost is heavily damaged.
You block GilGalad's ghost's attack. GilGalad's ghost barely misses you.
You barely miss GilGalad's ghost.
GilGalad's ghost is heavily damaged.
The white imp disappears for a moment.
You block GilGalad's ghost's attack.
The crimson imp blinks!
You miss GilGalad's ghost.
GilGalad's ghost is heavily damaged.
You block GilGalad's ghost's attack. GilGalad's ghost barely misses you.
You barely miss GilGalad's ghost.
GilGalad's ghost is heavily damaged.
The white imp disappears in a puff of smoke!
GilGalad's ghost hits you but does no damage.
GilGalad's ghost is very cold.
GilGalad's ghost is heavily damaged.
You miss GilGalad's ghost.
GilGalad's ghost is heavily damaged.
GilGalad's ghost hits you!
* * * LOW HITPOINT WARNING * * *
GilGalad's ghost is very cold.
GilGalad's ghost is heavily damaged.
GilGalad's ghost hits you but does no damage.
GilGalad's ghost is very cold.
GilGalad's ghost is severely damaged.
You feel much better. GilGalad's ghost hits you.
GilGalad's ghost is very cold.
GilGalad's ghost is severely damaged.
You closely miss GilGalad's ghost.
GilGalad's ghost is severely damaged.
GilGalad's ghost hits you!
* * * LOW HITPOINT WARNING * * *
GilGalad's ghost is very cold.
GilGalad's ghost is severely damaged.
GilGalad's ghost hits you!
You die...

.....# #.######.## #.#.##..
.....# #.# ##....# #.#.##..
.....# #####.###.....# #.#.##..
.....# #...#...#..##.# #.#.##..
###### #.#####.#.###.###.#.#... #
#.#####.....#.....#.#... #
#.............###.#.#...
#####################..###...#...
................@WWbr....#.###...
..........########rr5[...#.#.....
..........##########'''#####.##..
..###.#.........#.........##.####
#.#...#..#......#⌠.......⌠##.# #
#)#.............#.........#..# #
#.....####.###..#?.......[##.# #
#..........# #.###8.....8###.# #
#..######..# #.# ##).8//##.#.# #


You could see GilGalad's ghost, tygarin's ghost, a crimson imp (summoned), a
river rat (summoned), a quokka (summoned), a bat (summoned) and a rat
(summoned).

Vanquished Creatures
  The ghost of croobank the Blocker, a novice GnFi (D:7)
  Maggie (D:7)
  Grinder (D:4)
  Menkaure (D:7)
  2 ice beasts
  2 orc warriors
  2 black bears
  An ogre (D:4)
  4 necrophages
  2 centaurs (D:5)
  3 phantoms
  3 bullfrogs
  2 water moccasin skeletons
  4 wights
  2 centaur zombies
  2 jellies
  A gnoll shaman (D:7)
  An orc priest (D:7)
  A hound (D:5)
  2 orc wizards
  Ijyb (D:4)
  A hell rat (Sewer)
  3 iguanas
  A hound zombie (D:5)
  2 howler monkey zombies (D:5)
  12 gnolls
  2 howler monkey skeletons
  5 adders
  7 river rats
  2 shadow imps
  An ufetubus (D:5)
  7 worms (D:3)
  A dart slug (D:4)
  9 orcs
  2 ball pythons (D:1)
  4 bats
  3 endoplasms
  12 giant cockroaches
  4 goblins
  3 hobgoblins
  A jackal (D:2)
  2 kobolds
  3 quokkas
  2 frilled lizards
  9 rats
137 creatures vanquished.

Vanquished Creatures (others)
  A plant (D:6)
  4 withered plants (D:7)
5 creatures vanquished.

Grand Total: 142 creatures vanquished

Notes
Turn   | Place    | Note
-------+----------+-------------------------------------------
     0 | D:1      | KittyFluff the Gargoyle Berserker began the quest for the
                  | Orb.
     0 | D:1      | Reached XP level 1. HP: 14/14 MP: 1/1
   472 | D:1      | Reached XP level 2. HP: 14/19 MP: 2/2
  1513 | D:2      | Found a bloodstained altar of Trog.
  1579 | D:2      | Reached skill level 1 in Shields
  1579 | D:2      | Reached XP level 3. HP: 24/24 MP: 3/3
  1685 | D:2      | Found the amulet of Vitality {Regen+ HP+15}
  2142 | D:3      | Reached XP level 4. HP: 29/29 MP: 4/4
  2203 | D:3      | Reached ** piety under Trog
  2252 | D:3      | Found a glowing drain.
  2281 | Sewer    | Entered a sewer
  2332 | Sewer    | Reached XP level 5. HP: 28/33 MP: 5/5
  2765 | D:3      | Found a faded altar of an unknown god.
  3322 | D:3      | Reached skill level 1 in Stealth
  3480 | D:4      | Noticed Ijyb
  3491 | D:4      | Killed Ijyb
  3492 | D:4      | Reached skill level 4 in Maces & Flails
  3844 | D:4      | Noticed a black bear
  3851 | D:4      | Killed a black bear
  3852 | D:4      | Reached XP level 6. HP: 38/38 MP: 6/6
  4003 | D:4      | Noticed a necrophage
  4010 | D:4      | Killed a necrophage
  4181 | D:4      | Noticed Grinder
  4204 | D:4      | Paralysed by Grinder for 3 turns
  4212 | D:4      | Paralysed by Grinder for 5 turns
  4221 | D:4      | Paralysed by Grinder for 7 turns
  4236 | D:4      | Killed Grinder
  4237 | D:4      | Reached skill level 5 in Maces & Flails
  4237 | D:4      | Reached XP level 7. HP: 44/44 MP: 7/7
  4378 | D:4      | Reached skill level 1 in Throwing
  4959 | D:4      | Reached XP level 8. HP: 48/48 MP: 8/8
  5188 | D:5      | Entered Level 5 of the Dungeon
  5309 | D:5      | Reached skill level 5 in Fighting
  5468 | D:5      | Reached skill level 6 in Maces & Flails
  6124 | D:5      | Found a staircase to the Ecumenical Temple.
  6514 | D:5      | Reached skill level 5 in Shields
  6743 | D:6      | Reached skill level 7 in Maces & Flails
  6743 | D:6      | Reached XP level 9. HP: 55/55 MP: 9/9
  7018 | D:6      | Found Seifogaad's Assorted Antiques.
  7033 | D:6      | Bought a dazzling ring mail for 207 gold pieces
  7033 | D:6      | Identified the +2 ring mail of Melancholy {*Corrode rPois
                  | Will+ Dex+8} (You bought it in a shop on level 6 of the
                  | Dungeon)
  7115 | D:6      | Found Meecli's Antique Armour Shoppe.
  7255 | D:7      | Noticed Menkaure
  7699 | D:7      | Found a runed translucent gate.
  7700 | D:7      | Found a runed translucent gate.
  7700 | D:7      | Found a runed translucent gate.
  7701 | D:7      | Noticed GilGalad's ghost (novice DrBe)
  7702 | D:7      | Noticed croobank's ghost (novice GnFi)
  7702 | D:7      | Noticed tygarin's ghost (novice DjTm)
  7780 | D:7      | Killed Menkaure
  8388 | D:7      | Reached skill level 8 in Maces & Flails
  8388 | D:7      | Reached skill level 5 in Armour
  8472 | D:7      | Noticed Maggie
  8522 | D:7      | Reached skill level 5 in Dodging
  8675 | D:7      | Killed Maggie
  8676 | D:7      | Reached XP level 10. HP: 61/61 MP: 10/10
  8924 | D:7      | Killed croobank's ghost
  8951 | D:7      | Gained mutation: Your muscles are strong. (Str +2) [potion
                  | of mutation]
  8951 | D:7      | Gained mutation: You are strong-willed. (Will+) [potion of
                  | mutation]
  8951 | D:7      | Gained mutation: A frigid envelope surrounds you and
                  | freezes all who hurt you. [potion of mutation]
  8951 | D:7      | Gained mutation: Your spells are a little harder to cast,
                  | but a little more powerful. [potion of mutation]
  8958 | D:7      | Slain by GilGalad's ghost

Illustrated notes

Levels and vault maps discovered:
D:1:      dpeg_arrival_three_smaller_balls, layout_basic, minmay_misc_feat_roman
D:2:      layout_loops_corners, basic_altar
D:3:      minmay_roachtagon, layout_basic, lightli_sewer_entry_pipes,
          chequers_ecumenical_altar_simple, kennysheep_generic_room_10
D:4:      black_bear_nest_1, layout_basic, uniq_grinder, uniq_ijyb
D:5:      layout_layer_cave, lemuel_temple_firewalk_b
D:6:      layout_rooms, serial_shops, nicolae_shop_overgrown_old_shop,
          nicolae_square_shop, serial_glass, glass_columns_b, glass_columns_a
D:7:      layout_basic, gammafunk_ghost_cemetery, serial_aquarium,
          aquarium_bridge_square [aquarium_subvault_bridge,
          aquarium_subvault_bridge, aquarium_subvault_bridge,
          aquarium_subvault_wall], aquarium_bridge_square
          [aquarium_subvault_window, aquarium_subvault_window,
          aquarium_subvault_wall, aquarium_subvault_bridge], aquarium_window_1,
          aquarium_window_1, aquarium_view_2a, aquarium_balcony_double_1,
          aquarium_pool_2, uniq_maggie, uniq_menkaure
D:8:      minmay_flawed_box, layout_basic, uniq_joseph, uniq_erica, uniq_pikel

Skill      XL: |  1  2  3  4  5  6  7  8  9 |
---------------+----------------------------+-----
Shields        | 1 2 3 4 5 7 |  7.4
Fighting       | 4 5 6 |  6.8
Dodging        | 2 3 5 |  5.2
Armour         | 3 4 5 |  5.7
Stealth        | 1 2 |  2.2
Maces & Flails | 4 5 7 8 |  8.6
Throwing       | 1 |  1.5

Action                   |  1- 3 |  4- 6 |  7- 9 | 10-12 || total
-------------------------+-------+-------+-------+-------++-------
Melee: Mace              |    66 |   200 |   493 |   143 ||   902
Throw: Boomerang         |       |    17 |     9 |       ||    26
Invok: Berserk           |     1 |     5 |    10 |     1 ||    17
  Use: Scroll            |     3 |     1 |       |     1 ||     5
       Potion            |       |       |     2 |     4 ||     6
Armor: Animal skin       |     3 |       |       |       ||     3
       Leather armour    |    12 |    51 |    99 |       ||   162
       Ring mail         |       |       |    81 |    38 ||   119
Dodge: Dodged            |    34 |    92 |   292 |    31 ||   449
Block: Buckler           |     7 |    27 |   136 |    27 ||   197
